 Dungeon Crawl Stone Soup version 0.20-b1-2-gc5a9893 (webtiles) character file.

11737 theElss the Basher (level 11, -2/97 HPs)
             Began as a Minotaur Berserker on May 21, 2017.
             Was a High Priest of Trog.
             Killed from afar by Harold (27 damage)
             ... with a bolt of fire
             ... on level 12 of the Dungeon.
             The game lasted 00:25:55 (9420 turns).

theElss the Basher (Minotaur Berserker)             Turns: 9420, Time: 00:25:56

Health: -2/97      AC: 19    Str: 25    XL:     11   Next: 53%
Magic:  10/10      EV: 10    Int:  4    God:    Trog [*****.]
Gold:   354        SH: 16    Dex: 10    Spells: 10/10 levels left

rFire    . . .     SeeInvis .   w - +1 flail (holy)
rCold    + . .     Gourm    .   H - +0 shield
rNeg     . . .     Faith    .   u - +0 chain mail (curse)
rPois    .         Spirit   .   M - +1 hat
rElec    .         Reflect  +   K - +0 cloak
rCorr    +         Harm     .   D - +1 pair of gloves
MR       .....                  v - +2 pair of boots
Stlth    ..........             x - +3 amulet of reflection
Regen    0.3/turn               N - ring of protection from cold
MPRegen  0.2/turn               J - ring of resist corrosion

@: no status effects
A: retaliatory headbutt, horns 2
a: Berserk, Trog's Hand, Brothers in Arms, Burn Spellbooks, Renounce Religion


You were on level 12 of the Dungeon.
You worshipped Trog.
Trog was extremely pleased with you.
You were near starving.

You visited 1 branch of the dungeon, and saw 12 of its levels.

You collected 354 gold pieces.

Inventory:

Hand Weapons
 w - a +1 flail of holy wrath (weapon)
 y - a +2 whip of flaming
Armour
 u - a cursed +0 chain mail (worn)
 v - a +2 pair of boots (worn)
 D - a +1 pair of gloves (worn)
 H - a +0 shield (worn)
 K - a +0 cloak (worn)
 M - a +1 hat (worn)
Jewellery
 n - an uncursed ring of see invisible
 x - a +3 amulet of reflection (around neck)
 J - a ring of resist corrosion (right hand)
 N - a ring of protection from cold (left hand)
Wands
 a - a wand of paralysis (18/24)
 d - a wand of iceblast (7/15)
 G - a wand of digging (10/24)
 S - a wand of flame (30/48)
Scrolls
 h - a scroll of fog {unknown}
 i - 4 scrolls of fear
 m - 2 scrolls of blinking
 p - a scroll of enchant armour {unknown}
 q - a scroll of immolation {unknown}
 s - 2 scrolls of magic mapping {unknown}
 A - 2 scrolls of recharging {unknown}
 E - 3 scrolls of teleportation
 F - 3 scrolls of remove curse
 L - a scroll of vulnerability {unknown}
Potions
 b - a potion of heal wounds
 e - a potion of berserk rage {unknown}
 f - 2 potions of brilliance
 g - 5 potions of flight
 j - a potion of experience {unknown}
 r - 2 potions of curing
 t - a potion of resistance
 B - a potion of haste
 C - a potion of agility {unknown}
 I - a potion of cancellation {unknown}
Books
 o - a book of Necromancy

   Spells                             Type                      Level
   a - Pain                           Necromancy                   1
   b - Animate Skeleton               Necromancy                   1
   c - Vampiric Draining              Necromancy                   3
   d - Regeneration                   Charms/Necromancy            3
   e - Animate Dead                   Necromancy                   4
   f - Control Undead                 Necromancy                   4
   Trog disapproves of the use of such an item.
 O - a book of Battle

   Spells                             Type                      Level
   a - Infusion                       Charms                       1
   b - Shroud of Golubria             Charms/Translocation         2
   c - Song of Slaying                Charms                       2
   d - Spectral Weapon                Hexes/Charms                 3
   e - Regeneration                   Charms/Necromancy            3
   Trog disapproves of the use of such an item.
 P - a book of Misfortune

   Spells                             Type                      Level
   a - Confusing Touch                Hexes                        1
   b - Confuse                        Hexes                        3
   c - Gell's Gravitas                Translocation                3
   d - Petrify                        Transmutation/Earth          4
   e - Metabolic Englaciation         Hexes/Ice                    5
   f - Yara's Violent Unravelling     Hexes/Transmutation          5
   Trog disapproves of the use of such an item.
 R - a book of Changes

   Spells                             Type                      Level
   a - Beastly Appendage              Transmutation                1
   b - Sticks to Snakes               Transmutation                2
   c - Spider Form                    Transmutation/Poison         3
   d - Ice Form                       Ice/Transmutation            4
   e - Blade Hands                    Transmutation                5
   Trog disapproves of the use of such an item.
Comestibles
 c - 12 bread rations
 k - 13 fruits
 l - 4 meat rations
 z - 4 royal jellies


   Skills:
 + Level 9.5 Fighting
 + Level 13.2 Maces & Flails
 + Level 8.5 Armour
 + Level 5.1 Dodging
 * Level 11.8 Shields


You had 10 spell levels left.
You didn't know any spells.

Dungeon Overview and Level Annotations

Branches:
Dungeon (12/15)            Temple (0/1) D:6            Lair (0/6) D:9
    Orc (0/2) D:11

Altars:

Shops:
D:6 }   D:9 }

Annotations:
D:12 Harold


Innate Abilities, Weirdness & Mutations

You reflexively headbutt those who attack you in melee.
You have a pair of horns on your head.


Message History

* * * LOW HITPOINT WARNING * * *
You climb downwards.
A steam dragon and Harold come into view.
The steam dragon hisses angrily.
Found 21 gold pieces.
Found an escape hatch in the ceiling.
There is a stone staircase leading up here.
Your troll goes berserk!
You feel quite a bit more hungry.
Harold throws a throwing net.
You reflect the throwing net off an invisible shield around you!
The throwing net closely misses Harold.
Unknown command.
Unknown command.
Harold throws a throwing net.
You reflect the throwing net off an invisible shield around you!
The throwing net hits Harold.
Harold is caught in the net!
Harold struggles against the net.
Okay, then.
Harold points at you and mumbles some strange words.
The bolt of fire hits you!
You die...

######+###
.........#
.......<.#
....D<...#
......$@T#
.........#
........@#
........(#
##########


You could see Harold (caught), a steam dragon and a friendly troll (berserk).

Vanquished Creatures
  Gastronok (D:8)
  Erolcha (D:9)
  A two-headed ogre (D:10)
  Pikel (D:5)
  2 ugly things
  Joseph (D:9)
  A troll (D:9)
  Prince Ribbit (D:5)
  2 hippogriffs
  The ghost of kelthazard the Ruffian, an amateur TrMo of Ru (D:4)
  3 yaks (D:10)
  A wraith (D:10)
  Eustachio (D:6)
  Grum (D:9)
  2 hungry ghosts
  Edmund (D:6)
  A black bear (D:10)
  3 orc warriors
  2 ice beasts
  A slave (D:5)
  A sky beast (D:6)
  3 phantoms
  7 ogres
  A necrophage (D:8)
  An eye of draining (D:11)
  5 centaurs
  3 wolves (D:9)
  A crocodile (D:4)
  Blork the orc (D:5)
  3 big kobolds
  2 bullfrogs
  2 gnoll sergeants
  A scorpion (D:10)
  A killer bee (D:11)
  2 wights (D:8)
  An electric eel (D:8)
  A howler monkey (D:5)
  A crimson imp (D:6)
  2 centaur zombies
  A centaur skeleton (D:9)
  4 jellies
  A bullfrog zombie (D:5)
  3 gnoll shamans (D:5)
  5 orc priests
  5 hounds
  5 iguanas
  6 orc wizards
  8 worker ants
  2 hound skeletons
  A worker ant zombie (D:8)
  47 gnolls
  A howler monkey skeleton (D:4)
  11 adders
  A shadow imp (D:10)
  3 oozes
  An adder skeleton (D:8)
  4 adder zombies
  3 worms
  3 dart slugs
  8 leopard geckos
  17 orcs
  2 ball pythons
  10 bats
  5 giant cockroaches
  5 goblins
  5 hobgoblins
  24 jackals
  16 kobolds
  5 quokkas
  3 frilled lizards
  A leopard gecko skeleton (D:8)
  A quokka skeleton (D:5)
  8 rats
292 creatures vanquished.

Vanquished Creatures (others)
  The ghost of manyhoops the Covert, a novice VSEn (D:5)
  A centaur (D:8)
  2 gnolls (D:5)
  3 kobolds
7 creatures vanquished.

Grand Total: 299 creatures vanquished

Notes
Turn   | Place    | Note
-------+----------+-------------------------------------------
     0 | D:1      | theElss the Minotaur Berserker began the quest for the Orb.
     0 | D:1      | Reached XP level 1. HP: 19/19 MP: 0/0
   310 | D:1      | Reached XP level 2. HP: 21/27 MP: 1/1
   793 | D:1      | Reached skill level 4 in Maces & Flails
  1062 | D:1      | Reached XP level 3. HP: 34/34 MP: 2/2
  1604 | D:2      | Reached ** piety under Trog
  1976 | D:3      | Reached XP level 4. HP: 41/41 MP: 3/3
  2195 | D:3      | Reached skill level 5 in Maces & Flails
  2819 | D:4      | Reached skill level 5 in Fighting
  2819 | D:4      | Reached XP level 5. HP: 47/48 MP: 4/4
  2994 | D:4      | Reached skill level 1 in Shields
  3057 | D:4      | Reached *** piety under Trog
  3083 | D:4      | Noticed a phantom
  3094 | D:4      | Killed a phantom
  3094 | D:4      | Reached skill level 6 in Maces & Flails
  3094 | D:4      | Reached XP level 6. HP: 56/56 MP: 5/5
  3298 | D:4      | Reached XP level 7. HP: 47/62 MP: 6/6
  3436 | D:4      | Noticed kelthazard's ghost (amateur TrMo)
  3438 | D:4      | Killed kelthazard's ghost
  3438 | D:4      | Reached skill level 7 in Maces & Flails
  3726 | D:5      | Entered Level 5 of the Dungeon
  3912 | D:5      | Noticed Blork the orc
  3921 | D:5      | Killed Blork the orc
  3921 | D:5      | Reached skill level 5 in Armour
  3941 | D:5      | Reached skill level 8 in Maces & Flails
  3948 | D:5      | Reached XP level 8. HP: 47/70 MP: 7/7
  4070 | D:5      | Reached **** piety under Trog
  4263 | D:5      | Noticed Pikel
  4271 | D:5      | Killed Pikel
  4271 | D:5      | Reached skill level 9 in Maces & Flails
  4271 | D:5      | Reached skill level 5 in Shields
  4443 | D:5      | Reached XP level 9. HP: 54/79 MP: 8/8
  4565 | D:5      | Killed manyhoops's ghost
  4641 | D:5      | Noticed Prince Ribbit
  4770 | D:5      | Killed Prince Ribbit
  4770 | D:5      | Reached skill level 10 in Maces & Flails
  4918 | D:5      | Reached ***** piety under Trog
  5265 | D:6      | Noticed Eustachio
  5272 | D:6      | Killed Eustachio
  5311 | D:6      | Found a staircase to the Ecumenical Temple.
  5494 | D:6      | Noticed Edmund
  5502 | D:6      | Killed Edmund
  5836 | D:6      | Found Nuevat's Gadget Boutique.
  5980 | D:7      | Reached skill level 11 in Maces & Flails
  6679 | D:8      | Reached XP level 10. HP: 77/88 MP: 9/9
  6814 | D:8      | Noticed Gastronok
  6828 | D:8      | Killed Gastronok
  6828 | D:8      | Reached skill level 12 in Maces & Flails
  7034 | D:8      | Noticed a purple ugly thing
  7051 | D:8      | Killed a purple ugly thing
  7399 | D:8      | Reached skill level 10 in Shields
  7567 | D:9      | Noticed Joseph
  7581 | D:9      | Killed Joseph
  7584 | D:9      | Noticed Grum
  7608 | D:9      | Killed Grum
  7683 | D:9      | Found Pyroytot's Gadget Shop.
  7712 | D:9      | Reached XP level 11. HP: 84/97 MP: 10/10
  7778 | D:9      | Noticed Erolcha
  7787 | D:9      | Killed Erolcha
  7953 | D:9      | Found a staircase to the Lair.
  8290 | D:10     | Entered Level 10 of the Dungeon
  8721 | D:10     | Reached skill level 5 in Dodging
  8747 | D:10     | Reached skill level 13 in Maces & Flails
  8867 | D:10     | Noticed a two-headed ogre
  8885 | D:10     | Killed a two-headed ogre
  9143 | D:11     | Noticed a red ugly thing
  9145 | D:11     | Noticed an eight-headed hydra
  9145 | D:11     | Found a staircase to the Orcish Mines.
  9164 | D:10     | Killed a red ugly thing
  9412 | D:11     | Received a gift from Trog
  9417 | D:12     | Noticed Harold
  9420 | D:12     | Killed from afar by Harold

Skill      XL: |  1  2  3  4  5  6  7  8  9 10 11 |
---------------+----------------------------------+-----
Fighting       | 4 5 6 7 8 9 |  9.5
Maces & Flails | 4 5 6 8 9 11 12 13 | 13.2
Armour         | 3 4 5 6 7 8 |  8.5
Shields        | 1 2 3 5 7 10 11 | 11.8
Dodging        | 3 4 5 |  5.1

Action                   |  1- 3 |  4- 6 |  7- 9 | 10-12 || total
-------------------------+-------+-------+-------+-------++-------
Melee: Mace              |    75 |   123 |       |       ||   198
       Headbutt          |     9 |    28 |    64 |    78 ||   179
       Flail             |       |    25 |   325 |   336 ||   686
       Whip              |       |       |       |    18 ||    18
Invok: Berserk           |       |     1 |     2 |     4 ||     7
       Brothers in Arms  |       |       |       |     1 ||     1
  Use: Scroll            |       |     5 |     3 |     3 ||    11
  Eat: Chunk             |     3 |     6 |    13 |    12 ||    34
Armor: Animal skin       |    19 |       |       |       ||    19
       Ring mail         |     1 |    34 |       |       ||    35
       Chain mail        |       |    30 |   116 |    82 ||   228
Dodge: Dodged            |    64 |    66 |   124 |    67 ||   321
Block: Buckler           |       |     3 |    95 |       ||    98
       Reflection        |       |       |     5 |    11 ||    16
       Shield            |       |       |    24 |   210 ||   234
